AoeStats
← 江哥

African Clearing

510571744Analyzed
4v4 RM · 22h ago on Oct 1, 2026· 44m 14s· 8 players
Game mode
Random Map
Map size
Large (8 player)
Population
200
Speed
Normal
Resources
Standard
Victory
Conquest
Starting age
Dark Age
Ending age
Imperial Age
RankedLock teamsTeams togetherTeam positionsShared explorationLock speedFull tech treeHidden civsTurbo modeCheats
Victory
Defeat
🇹🇼 Varangians · Taiwan
1666
+8
🇹🇼 Spanish · Taiwan
1505
+14
🇹🇼 Georgians · Taiwan
1490
+14
🇹🇼 Mapuche · Taiwan
1330
+21
🇨🇳 Varangians · China
1495
-16
🇨🇳 Berbers · China
1472
-15
🇨🇳 Magyars · China
1466
-15
🇨🇳 Huns · China
1381
-11
Rain
14:17 Feudal Age
20:22 Castle Age
18:52 Double-Bit Axe
21:26 Bow Saw
24:50 Gold Mining
26:19 Corvinian Army
27:07 Scale Barding Armor
27:20 Horse Collar
33:14 Stone Mining
34:16 Chain Barding Armor
34:13 Bloodlines
36:14 Fletching
38:53 Bodkin Arrow
Mick...
3:57 Loom
4:40 Loom
13:06 Feudal Age
17:55 Castle Age
16:00 Double-Bit Axe
16:08 Horse Collar
16:56 Fletching
18:17 Padded Archer Armor
18:38 Bodkin Arrow
22:51 Ballistics
34:08 Heavy Plow
35:39 Bow Saw
37:41 Wheelbarrow
40:11 Imperial Age
37:59 Husbandry
38:06 Marauders
38:14 Scale Barding Armor
38:51 Forging
38:55 Bloodlines
39:24 Chain Barding Armor
40:19 Iron Casting
41:50 Conscription
42:39 Plate Barding Armor
42:24 Elite Tarkan
江哥
10:48 Loom
13:31 Feudal Age
14:16 Double-Bit Axe
18:35 Castle Age
17:07 Gold Mining
18:06 Bloodlines
24:36 Forging
34:19 Bow Saw
34:55 Wheelbarrow
42:47 Hand Cart
42:17 Town Watch
世一上、
13:05 Feudal Age
17:02 Castle Age
15:44 Double-Bit Axe
16:53 Loom
19:34 Fletching
22:16 Bodkin Arrow
25:15 Padded Archer Armor
26:41 Wheelbarrow
32:34 Bloodlines
35:33 Ballistics
36:25 Horse Collar
41:43 Leather Archer Armor
Shou
12:46 Feudal Age
13:30 Loom
14:09 Double-Bit Axe
17:26 Castle Age
18:41 Bow Saw
21:55 Horse Collar
26:04 Wheelbarrow
27:30 Fletching
33:53 Imperial Age
32:09 Hand Cart
32:40 Gold Mining
32:40 Stone Mining
33:22 Scale Barding Armor
33:27 Forging
33:45 Town Watch
34:42 Chain Barding Armor
35:23 Stone Shaft Mining
35:25 Conscription
35:16 Bloodlines
35:06 Husbandry
35:22 Heavy Plow
35:21 Elite Monaspa
37:57 Plate Barding Armor
37:57 Iron Casting
38:36 Guard Tower
39:13 Svan Towers
39:32 Ballistics
40:13 Chemistry
39:12 Bodkin Arrow
40:29 Bracer
41:29 Blast Furnace
41:19 Treadmill Crane
42:15 Keep
41:26 Arrowslits
41:38 Murder Holes
41:53 Masonry
42:37 Aznauri Cavalry
TAG_Wayne
4:44 Loom
13:27 Feudal Age
14:09 Double-Bit Axe
14:11 Town Watch
14:53 Horse Collar
15:41 Bloodlines
17:22 Bloodlines
22:42 Scale Barding Armor
22:49 Forging
25:55 Wheelbarrow
25:37 Fletching
33:23 Castle Age
31:46 Gold Mining
33:33 Light Cavalry
34:13 Husbandry
39:46 Bow Saw
39:58 Hand Cart
42:37 Heavy Plow
43:48 Hand Cart
一胎佩斯-ZHE
9:58 Loom
12:56 Feudal Age
16:37 Castle Age
14:26 Double-Bit Axe
14:24 Horse Collar
18:26 Wheelbarrow
21:18 Padded Archer Armor
22:28 Gold Mining
24:55 Husbandry
28:15 Bloodlines
30:56 Stone Mining
33:52 Bow Saw
33:46 Heavy Plow
38:08 Leather Archer Armor
43:08 Imperial Age
42:12 Stone Shaft Mining
42:24 Hand Cart
43:31 Town Watch
44:20 Ring Archer Armor
44:52 Chemistry
44:15 Conscription
Dimoon
6:44 Loom
14:23 Feudal Age
15:50 Double-Bit Axe
18:27 Castle Age
17:08 Gold Mining
19:33 Bow Saw
19:18 Fletching
21:43 Bodkin Arrow
30:59 Padded Archer Armor
35:05 Wheelbarrow
38:10 Ballistics
39:57 Leather Archer Armor
40:09 Horse Collar
Connection lost

Rejoining the realm…

Still unreachable

The connection could not be restored.

Session expired

The server has moved on; the page needs a fresh start.